 Dungeon Crawl Stone Soup version 0.29-a0-298-g3c90f9a769 (webtiles) character file.

Game seed: 10362226355242841812

7346 kae the Arsonist (level 11, -2/66 HPs)
             Began as a Tengu Fire Elementalist on Mar 22, 2022.
             Was a Believer of Vehumet.
             Slain by a gnoll sergeant
             ... wielding a +2 spear of venom
              (5 damage)
             ... on level 10 of the Dungeon.
             The game lasted 00:10:43 (13088 turns).

kae the Arsonist (Tengu Fire Elementalist)         Turns: 13088, Time: 00:10:43

Health: -2/66      AC:  8    Str:  8    XL:     11   Next: 13%
Magic:  0/21       EV: 14    Int: 20    God:    Vehumet [**....]
Gold:   390        SH:  3    Dex: 15    Spells: 6/23 levels left

rFire   + . .      SeeInvis +   m - staff of fire
rCold   . . .      Faith    .   e - +0 buckler
rNeg    . . .      Spirit   +   a - +1 robe
rPois   .          Reflect  .   (helmet restricted)
rElec   .          Harm     .   y - +0 cloak
rCorr   .          Rampage  .   (no gloves)
Will    .....                   (boots unavailable)
Stlth   ++........              v - amulet of guardian spirit
HPRegen 0.21/turn               h - ring of see invisible
MPRegen 0.17/turn               q - +4 ring of protection

@: lethally poisoned (-2 -> -15), flying quickly and evasively, quick
A: beak, talons 3, nimble flight
a: Renounce Religion


You were on level 10 of the Dungeon.
You worshipped Vehumet.
Vehumet was pleased with you.
You visited 2 branches of the dungeon, and saw 11 of its levels.

You collected 467 gold pieces.
You spent 77 gold pieces at shops.

Inventory:

Hand Weapons
 j - a +0 whip of freezing
Missiles
 g - 2 throwing nets
Armour
 a - a +1 robe (worn)
 e - a +0 buckler (worn)
 y - a +0 cloak (worn)
Magical Staves
 m - a staff of fire (weapon)
Jewellery
 h - a ring of see invisible (left hand)
 q - a +4 ring of protection (right hand)
 s - the ring "Gatigh" {Fly Dex+4}
   (You found it on level 5 of the Dungeon)

   [ring of flight]

   Dex:       It affects your dexterity (+4).
   Fly:       It grants you flight.
 t - a ring of ice
 v - an amulet of guardian spirit (around neck)
 x - a ring of wizardry
Wands
 u - a wand of charming (21)
 A - a wand of flame (9)
 D - a wand of mindburst (17)
 E - a wand of iceblast (2)
 G - a wand of digging (5)
Scrolls
 c - 7 scrolls of teleportation
 f - a scroll of amnesia
 i - a scroll of enchant armour
 o - 2 scrolls of blinking
 B - a scroll of magic mapping
Potions
 b - 5 potions of magic
 d - 2 potions of degeneration
 k - 2 potions of curing
 l - a potion of heal wounds
 n - a potion of resistance
 p - 3 potions of mutation
 r - a potion of ambrosia
 w - a potion of lignification
 z - a potion of flight
 C - a potion of berserk rage {unknown}
 F - 2 potions of attraction {unknown}


   Skills:
 + Level 6.8 Fighting
 - Level 2.1 Dodging
 - Level 2.0 Stealth
 + Level 6.6 Spellcasting
 + Level 9.1 Conjurations
 * Level 11.3 Fire Magic
 + Level 6.6 Evocations


You had 6 spell levels left.
You knew the following spells:

 Your Spells              Type           Power      Damage    Failure   Level
a - Foxfire               Conj/Fire      100%       2x1d9     1%          1
b - Scorch                Fire           100%       2d10      1%          2
c - Conjure Flame         Conj/Fire      63%        6-21      1%          3
d - Inner Flame           Hex/Fire       43%        N/A       4%          3
e - Flame Wave            Conj/Fire      63%        2d12      1%          4
f - Sticky Flame          Conj/Fire      63%        2d8       1%          4

Your spell library contained the following spells:

 Spells                   Type           Power      Damage    Failure   Level
 Static Discharge         Conj/Air       24%        N/A       3%          2
 Stone Arrow              Conj/Erth      48%        3d10      6%          3
 Sandblast                Erth           12%        2d6       14%         1
 Slow                     Hex            24%        N/A       14%         1
 Corpse Rot               Necr/Air       12%        N/A       21%         2
 Ensorcelled Hibernation  Hex/Ice        12%        N/A       21%         2
 Passwall                 Tmut/Erth      5%         N/A       21%         2
 Poisonous Vapours        Pois/Air       12%        N/A       21%         2
 Confusing Touch          Hex            6%         N/A       38%         3
 Gell's Gravitas          Tloc           6%         N/A       38%         3
 Lesser Beckoning         Tloc           6%         N/A       38%         3
 Ozocubu's Armour         Ice            6%         N/A       38%         3
 Swiftness                Air            6%         N/A       38%         3
 Teleport Other           Tloc           6%         N/A       38%         3
 Vampiric Draining        Necr           6%         2d6       38%         3
 Lightning Bolt           Conj/Air       12%        1d25      50%         5
 Dispel Undead            Necr           6%         3d8       80%         4
 Ozocubu's Refrigeration  Ice            3%         4d5       100%        7
 Maxwell's Capacitive Co  Air            3%         ∞         100%        8


Dungeon Overview and Level Annotations

Branches:
Dungeon (10/15)            Temple (1/1) D:4            Lair (0/6) D:8
    Orc: D:9-12

Altars:
Ashenzari
Cheibriados
Dithmenos
Elyvilon
Fedhas
Gozag
Hepliaklqana
Kikubaaqudgha
Makhleb
Nemelex Xobeh
Okawaru
Qazlal
Ru
Sif Muna
Trog
Uskayaw
Vehumet
Wu Jian
Xom
Yredelemnul
Zin
The Shining One

Shops:
D:2 [   D:3 ?   D:7 (   D:9 ?

Annotations:
D:8 Psyche


Innate Abilities, Weirdness & Mutations

You have a beak for a mouth.
You have claws for feet.
Your magical nature lets you fly swiftly and evasively.


Message History

The gnoll hits you but does no damage.
The gnoll sergeant completely misses you.
Casting: Scorch (safe; 1% risk of failure)
Confirm with . or Enter, or press ? or * to list all spells.
You feel a surge of power!
Flames lash the gnoll.
The gnoll is moderately wounded.
The gnoll's fire resistance burns away.
You feel very sick. The gnoll barely misses you.
The gnoll sergeant hits you from afar with a +2 spear of venom.
You are more poisoned.
You feel very sick. The gnoll sergeant closely misses you.
You block the gnoll's attack.
Casting: Scorch (safe; 1% risk of failure)
Confirm with . or Enter, or press ? or * to list all spells.
You feel a surge of power!
Flames lash the gnoll sergeant but do no damage.
You feel very sick.
The gnoll sergeant is no longer more vulnerable to fire.
The gnoll barely misses you.
The gnoll sergeant hits you from afar with a +2 spear of venom!
* * * LOW HITPOINT WARNING * * *
You are lethally poisoned!
* * * LOW HITPOINT WARNING * * *
You feel very sick.
The gnoll is no longer more vulnerable to fire.
The gnoll hits you but does no damage.
The gnoll sergeant completely misses you.
Casting: Scorch (safe; 1% risk of failure)
Confirm with . or Enter, or press ? or * to list all spells.
You feel a surge of power!
Flames lash the gnoll.
You kill the gnoll!
Vehumet accepts your kill.
* * * LOW HITPOINT WARNING * * *
You feel very sick. The gnoll sergeant closely misses you.
* * * LOW HITPOINT WARNING * * *
You feel very sick.
The gnoll sergeant hits you from afar with a +2 spear of venom!
You die...

####.#'######. #.
#.#......#. ###..
#.#<.....#. .....
#.###....#. .....####
#.. #....## ........#
#####....≈.
........#####+.......≈≈≈
.....).................≈
....)g.@.....#........≈≈
.....##'##...#........≈≈
... #...#...#.......≈≈≈
. #...#...#........≈≈
#...#...#.......... <
#...'...#........≈≈
...#####...#........≈≈
...........#.......≈≈≈
...........#........≈≈


You could see a gnoll sergeant.

Vanquished Creatures
  2 two-headed ogres
  Amaemon (D:8)
  Maggie (D:6)
  An orange demon (D:8)
  2 trolls
  Prince Ribbit (D:8)
  4 yaks (D:8)
  A vampire (D:10)
  A wraith (D:9)
  A wyvern (D:7)
  A steam dragon (D:6)
  A vampire mosquito (D:10)
  2 ice beasts
  3 orc warriors
  2 black bears
  An ogre (shapeshifter) (D:9)
  3 centaurs
  2 ogres
  A kobold brigand (D:9)
  2 bullfrogs
  3 gnoll sergeants
  3 necrophages
  2 scorpions (D:5)
  A wight (D:9)
  3 howler monkeys
  8 electric eels (D:6)
  4 hounds
  Crazy Yiuf (D:7)
  5 orc priests
  A gnoll shaman (D:9)
  3 iguanas
  4 orc wizards
  3 adders
  19 gnolls
  3 shadow imps
  2 white imps
  An ufetubus (D:5)
  A worm (D:3)
  9 dart slugs
  25 orcs
  2 ball pythons
  9 endoplasms
  6 goblins
  11 hobgoblins
  4 jackals (D:4)
  13 kobolds
  4 quokkas
  5 bats
  2 frilled lizards (D:1)
  5 rats
195 creatures vanquished.

Vanquished Creatures (others)
  490 foxfires
  4 fungi (D:8)
  3 plants (D:8)
497 creatures vanquished.

Grand Total: 692 creatures vanquished

Notes
Turn   | Place    | Note
-------+----------+-------------------------------------------
     0 | D:1      | kae the Tengu Fire Elementalist began the quest for the
                  | Orb.
     0 | D:1      | Reached XP level 1. HP: 10/10 MP: 4/4
   338 | D:1      | Reached XP level 2. HP: 16/16 MP: 3/6
   749 | D:1      | Reached XP level 3. HP: 9/20 MP: 1/7
   752 | D:1      | Learned a level 2 spell: Scorch
   756 | D:1      | Learned a level 3 spell: Conjure Flame
  1088 | D:1      | Reached skill level 1 in Fighting
  1583 | D:2      | Reached skill level 4 in Fire Magic
  1670 | D:2      | Reached XP level 4. HP: 25/25 MP: 2/8
  1905 | D:2      | Found Xaaho's Antique Armour Shoppe.
  1960 | D:2      | Found a faded altar of an unknown god.
  2463 | D:3      | Reached skill level 1 in Evocations
  2726 | D:3      | Found Vamoge's Magic Scroll Shoppe.
  3004 | D:3      | You fall into a shaft and drop 3 floors!
  3008 | D:6      | Gained mutation: Your magical nature lets you fly swiftly
                  | and evasively. [Tengu growth]
  3008 | D:6      | Reached XP level 5. HP: 29/29 MP: 5/10
  3194 | D:5      | Entered Level 5 of the Dungeon
  3239 | D:5      | Noticed a black bear
  3239 | D:5      | Noticed a troll
  3463 | D:6      | Noticed a troll
  3516 | D:6      | Reached skill level 5 in Fire Magic
  3516 | D:6      | Reached XP level 6. HP: 35/35 MP: 5/11
  3653 | D:6      | Noticed Maggie
  4125 | D:4      | Reached XP level 7. HP: 40/40 MP: 7/12
  4694 | D:4      | Found a staircase to the Ecumenical Temple.
  4702 | Temple   | Entered the Ecumenical Temple
  4991 | Temple   | Became a worshipper of Vehumet
  5294 | D:5      | Reached skill level 6 in Fire Magic
  5681 | D:5      | Reached XP level 8. HP: 46/46 MP: 9/14
  5846 | D:5      | Killed a troll
  5847 | D:5      | Reached skill level 5 in Conjurations
  5847 | D:5      | Reached skill level 7 in Fire Magic
  5946 | D:5      | Identified the ring "Gatigh" {Fly Dex+4}
  6191 | D:5      | Reached * piety under Vehumet
  6191 | D:5      | Offered knowledge of Magic Dart by Vehumet.
  7174 | D:6      | Reached XP level 9. HP: 27/52 MP: 4/16
  7672 | D:6      | Reached skill level 8 in Fire Magic
  7904 | D:6      | Killed Maggie
  8033 | D:6      | Reached skill level 5 in Spellcasting
  8419 | D:7      | Reached skill level 5 in Fighting
  8969 | D:7      | Reached skill level 9 in Fire Magic
  9091 | D:7      | Found an opulent altar of Gozag.
  9158 | D:7      | Found a runed translucent door.
  9159 | D:7      | Noticed Crazy Yiuf
  9330 | D:7      | Found Xaem's Weapon Emporium.
  9337 | D:7      | Reached skill level 5 in Evocations
  9564 | D:7      | Killed Crazy Yiuf
  9662 | D:8      | Noticed Amaemon
  9662 | D:8      | Noticed an orange demon
  9888 | D:8      | Found an iron altar of Okawaru.
  9896 | D:8      | Found a shimmering altar of Xom.
  9939 | D:8      | Killed an orange demon
  9940 | D:8      | Reached XP level 10. HP: 59/59 MP: 13/19
 10025 | D:8      | Killed Amaemon
 10236 | D:8      | Noticed Prince Ribbit
 10243 | D:8      | Killed Prince Ribbit
 10440 | D:8      | Reached skill level 10 in Fire Magic
 10578 | D:8      | Found a staircase to the Lair.
 10814 | D:8      | Noticed Psyche
 11269 | D:9      | Found Seqionua's Magic Scroll Boutique.
 11272 | D:9      | Bought a scroll of identify for 28 gold pieces
 11272 | D:9      | Bought a scroll of magic mapping for 49 gold pieces
 11365 | D:9      | Learned a level 3 spell: Inner Flame
 11370 | D:9      | Learned a level 4 spell: Flame Wave
 11375 | D:9      | Learned a level 4 spell: Sticky Flame
 11597 | D:9      | Reached ** piety under Vehumet
 11597 | D:9      | Offered knowledge of Sandblast by Vehumet.
 11609 | D:9      | Noticed a two-headed ogre
 12121 | D:9      | Killed a two-headed ogre
 12487 | D:10     | Entered Level 10 of the Dungeon
 12522 | D:10     | Noticed a two-headed ogre
 12532 | D:10     | Reached skill level 11 in Fire Magic
 12532 | D:10     | Reached XP level 11. HP: 59/66 MP: 14/21
 12551 | D:10     | Killed a two-headed ogre
 13088 | D:10     | HP: 3/66 [poisoned by a gnoll sergeant]
 13088 | D:10     | Slain by a gnoll sergeant

Illustrated notes

Levels and vault maps discovered:
D:1:      co_arrival_square_in_a_square_in_a_square, layout_loops_ring
D:2:      layout_loops_ring, serial_shops, shop, basic_ecumenical_altar,
          hex_tiny
D:3:      kennysheep_slugbush, layout_basic, serial_shops, shop_scrolls,
          minivault_4, nicolae_figureground_sparkle
D:4:      layout_loops_ring, minmay_temple_entry_junction
D:5:      layout_cave_pools, minmay_divided_ellipse
D:6:      layout_loops_ring, kennysheep_boxes, uniq_maggie
D:7:      layout_basic, mainiacjoe_overflow_six_doors_small, serial_shops, shop,
          uniq_crazy_yiuf_cottage
D:8:      layout_loops_ring, mainiacjoe_overflow_tiny_flanked,
          mainiacjoe_overflow_cross_hatched, dpeg_oklobed_lair, uniq_psyche,
          uniq_prince_ribbit1, uniq_amaemon
D:9:      layout_irregular_city, serial_column_ruins, column_ruins_hut_pillars,
          column_ruins_hut, column_ruins_grid_1, column_ruins_grid_1,
          column_ruins_open_small, column_ruins_open_tiny, serial_shops, shop
D:10:     layout_irregular_city, zombieorc1_lemuel, serial_rivers,
          chequers_serial_rivers_large_a, chequers_serial_rivers_room_a,
          chequers_serial_rivers_micro_a, chequers_serial_rivers_micro_b,
          minmay_nine_imps
Temple:   mainiacjoe_temple_bowtie_tessellation

Skill      XL: |  1  2  3  4  5  6  7  8  9 10 11 |
---------------+----------------------------------+-----
Conjurations   | 2 3 4 6 7 8 9 |  9.1
Fighting       | 1 2 3 4 5 6 |  6.8
Fire Magic     | 4 5 6 7 9 11 | 11.3
Evocations     | 1 2 3 4 5 6 |  6.6
Spellcasting   | 3 4 5 6 |  6.6
Dodging        | |  2.1
Stealth        | |  2.0

Action                   |  1- 3 |  4- 6 |  7- 9 | 10-12 || total
-------------------------+-------+-------+-------+-------++-------
Melee: Unarmed           |    13 |       |       |       ||    13
       Kick              |     7 |     1 |     5 |     3 ||    16
       Whip              |     2 |       |       |       ||     2
       Staff             |     6 |     3 |    18 |    11 ||    38
       Peck              |       |       |     3 |     3 ||     6
 Cast: Foxfire           |    59 |    49 |   109 |    88 ||   305
       Scorch            |     7 |    25 |    80 |    38 ||   150
       Conjure Flame     |       |       |     6 |    10 ||    16
       Inner Flame       |       |       |       |     5 ||     5
       Sticky Flame      |       |       |       |     3 ||     3
       Flame Wave        |       |       |       |     1 ||     1
  Use: Scroll            |       |    12 |     4 |     5 ||    21
       Potion            |       |       |     1 |     1 ||     2
 Stab: Sleeping          |     1 |       |       |       ||     1
Armor: Robe              |    17 |       |    31 |    11 ||    59
Dodge: Dodged            |    35 |    16 |    75 |    46 ||   172
Block: Buckler           |       |     3 |    20 |     5 ||    28

Table legend: (Time is in decaauts)
 A = Elapsed time spent in this place.
 B = Non-inter-level travel time spent in this place.
 C = Inter-level travel time spent in this place.
 D = Time resting spent in this place.
 E = Time spent auto-exploring this place.
 F = Levels seen in this place.
 G = Mean time per level.
                   A        B        C        D        E       F      G
               +--------+--------+--------+--------+--------+-----+--------+
         Total |  12673 |  12287 |    386 |   2439 |   7926 |  11 | 1152.1 |
       Dungeon |  12389 |  12035 |    354 |   2391 |   7748 |  10 | 1238.9 |
        Temple |    283 |    251 |     32 |     48 |    178 |   1 |  283.0 |
               +--------+--------+--------+--------+--------+-----+--------+

Top non-repeatable levels by time:
     D:6: 2570 daAuts
     D:8: 1700 daAuts
     D:1: 1557 daAuts
     D:4: 1247 daAuts
     D:5: 1123 daAuts
     D:3: 961 daAuts
     D:9: 955 daAuts
     D:7: 942 daAuts
     D:2: 746 daAuts
    D:10: 584 daAuts
  Temple: 283 daAuts
